2983 views
Uploaded 2020-03-06 21:28:03
Game version 1.32.2
12:22 long 1on1 ladder game on (4)TurtleRock
Saved by Dubesor
2983 views
Uploaded 2020-03-06 21:28:03
Game version 1.32.2
12:22 long 1on1 ladder game on (4)TurtleRock

11 units @ 1.7k
/ 0.2k
10 buildings @ 1.7k
/ 0.5k



| Rod of Necromancy | 2 | 300 |
| Orb of Corruption | 1 | 375 |
| Dust of Appearance | 1 | 75 |
| Scroll of Town Portal | 2 | 700 |
| total: | 6 | 1450g |
| Acolyte | 3 | 225 | / | 0 |
| Ghoul | 2 | 240 | / | 0 |
| Crypt Fiend | 4 | 860 | / | 160 |
| Obsidian Statue | 2 | 400 | / | 70 |
| total: | 11 | 1725g | / | 230w |
| Nerubian Tower | 1 | 100 | / | 20 |
| Ziggurat | 4 | 600 | / | 200 |
| Altar of Darkness | 1 | 180 | / | 50 |
| Crypt | 1 | 200 | / | 50 |
| Tomb of Relics | 1 | 130 | / | 30 |
| Graveyard | 2 | 430 | / | 0 |
| Slaughterhouse | 1 | 140 | / | 135 |
| Halls of the Dead | 1 | 320 | / | 210 |
| Black Citadel | 1 | 325 | / | 230 |
| total: | 10 | 1680g | / | 465w |
| 0:03 | Acolyte |
| 0:05 | Ziggurat |
| 0:08 | Altar of Darkness |
| 0:10 | Acolyte |
| 0:36 | Crypt |
| 0:42 | Acolyte |
| 0:59 | Tomb of Relics |
| 1:22 | Graveyard |
| 1:23 | Graveyard |
| 1:36 | Ghoul |
| 1:54 | Ghoul |
| 2:10 | Rod of Necromancy |
| 2:11 | Dust of Appearance |
| 2:12 | Death Coil |
| 2:47 | Halls of the Dead |
| 2:55 | Nerubian Tower |
| 3:04 | Ziggurat |
| 3:32 | Crypt Fiend |
| 3:47 | Crypt Fiend |
| 4:25 | Crypt Fiend |
| 4:35 | Unholy Aura |
| 4:55 | Rod of Necromancy |
| 5:33 | Black Citadel |
| 5:59 | Ziggurat |
| 6:00 | Slaughterhouse |
| 6:06 | Frost Nova |
| 6:25 | Burrow |
| 6:46 | Scroll of Town Portal |
| 7:09 | Obsidian Statue |
| 7:38 | Obsidian Statue |
| 8:09 | Cannibalize |
| 8:30 | Orb of Corruption |
| 8:31 | Ziggurat |
| 9:14 | Death Coil |
| 9:24 | Scroll of Town Portal |
| 10:35 | Frost Arrows |
| 10:44 | Crypt Fiend |
| 11:32 | Frost Armor |
| Select group | 986 |
| Right click | 941 |
| Select | 373 |
| Build/train/purchase | 76 |
| Assign group | 43 |
| Chat | 37 |
| Use ability | 17 |
| Misc. action | 15 |
| Item give/drop | 2 |
| Esc | 1 |
24 units @ 2.3k
/ 0.3k
11 buildings @ 2k
/ 0.9k


| Scroll of Healing | 1 | 250 |
| Boots of Speed | 1 | 250 |
| Circlet of Nobility | 1 | 175 |
| Potion of Lesser Invulnerability | 1 | 150 |
| total: | 4 | 825g |
| Wisp | 14 | 840 | / | 0 |
| Archer | 7 | 910 | / | 70 |
| Dryad | 2 | 290 | / | 120 |
| Druid of the Claw | 1 | 255 | / | 80 |
| total: | 24 | 2295g | / | 270w |
| Altar of Elders | 1 | 180 | / | 50 |
| Moon Well | 4 | 720 | / | 160 |
| Ancient of War | 1 | 150 | / | 60 |
| Hunter's Hall | 1 | 210 | / | 100 |
| Ancient of Wonders | 1 | 90 | / | 30 |
| Tree of Life | 1 | 340 | / | 185 |
| Ancient of Lore | 2 | 310 | / | 290 |
| Tree of Ages | 1 | 320 | / | 180 |
| Tree of Eternity | 1 | 330 | / | 200 |
| total: | 11 | 2000g | / | 875w |
| 0:03 | Wisp |
| 0:03 | Wisp |
| 0:10 | Altar of Elders |
| 0:19 | Moon Well |
| 0:21 | Wisp |
| 0:36 | Ancient of War |
| 0:41 | Wisp |
| 0:45 | Wisp |
| 1:02 | Wisp |
| 1:17 | Wisp |
| 1:26 | Wisp |
| 1:38 | Moon Well |
| 1:40 | Archer |
| 1:42 | Wisp |
| 1:59 | Moon Well |
| 2:08 | Mana Burn |
| 2:44 | Archer |
| 2:46 | Wisp |
| 2:46 | Wisp |
| 3:20 | Tree of Ages |
| 3:40 | Archer |
| 3:51 | Hunter's Hall |
| 4:05 | Archer |
| 4:15 | Evasion |
| 4:34 | Archer |
| 4:57 | Ultravision |
| 5:00 | Archer |
| 5:29 | Archer |
| 5:41 | Boots of Speed |
| 5:42 | Mana Burn |
| 5:46 | Wisp |
| 5:48 | Ancient of Lore |
| 5:50 | Ancient of Lore |
| 6:07 | Improved Bows |
| 6:13 | Ancient of Wonders |
| 6:14 | Wisp |
| 6:14 | Wisp |
| 7:01 | Circlet of Nobility |
| 7:13 | Dryad |
| 7:22 | Moon Well |
| 7:27 | Frost Arrows |
| 8:32 | Druid of the Claw Adept Training |
| 8:33 | Tree of Eternity |
| 8:54 | Scroll of Healing |
| 8:57 | Potion of Lesser Invulnerability |
| 9:02 | Druid of the Claw |
| 9:28 | Forked Lightning |
| 9:59 | Tree of Life |
| 10:02 | Evasion |
| 10:07 | Dryad |
| 11:54 | Frost Arrows |
| Right click | 774 |
| Select | 206 |
| Select group | 186 |
| Chat | 67 |
| Misc. action | 61 |
| Build/train/purchase | 53 |
| Use ability | 34 |
| Assign group | 20 |
| Item give/drop | 2 |
| Esc | 2 |
โ